 Dungeon Crawl Stone Soup version 0.23.2 (webtiles) character file.

Game seed: 16667301178454942652

19256 Peloso the Carver (level 12, -8/107 HPs)
             Began as a Minotaur Fighter on Apr 1, 2019.
             Was the Champion of Okawaru.
             Mangled by a spiny frog (12 damage)
             ... on level 2 of the Lair of Beasts.
             The game lasted 00:36:37 (14313 turns).

Peloso the Carver (Minotaur Fighter)               Turns: 14313, Time: 00:36:37

Health: -8/107     AC: 19    Str: 24    XL:     12   Next: 34%
Magic:  11/11      EV:  9    Int:  5    God:    Okawaru [******]
Gold:   698        SH: 12    Dex: 12    Spells: 11/11 levels left

rFire    + . .     SeeInvis .   a - +1 double sword (holy)
rCold    + + .     Gourm    .   c - +0 shield
rNeg     . . .     Faith    +   N - +1 plate armour
rPois    .         Spirit   .   (helmet restricted)
rElec    .         Reflect  .   o - scarf {rC+ rF+}
rCorr    .         Harm     .   t - +1 pair of gloves {archery}
MR       .....                  (no boots)
Stlth    ..........             D - amulet of faith
HPRegen  0.27/turn              q - ring of protection from cold
MPRegen  0.12/turn              m - ring of flight

@: lethally poisoned (-8 -> -15), about to teleport, slowed, very slow
A: retaliatory headbutt, horns 2
a: Heroism, Finesse, Renounce Religion, Evoke Flight


You were on level 2 of the Lair of Beasts.
You worshipped Okawaru.
Okawaru was exalted by your worship.
You were not hungry.

You visited 2 branches of the dungeon, and saw 13 of its levels.

You collected 698 gold pieces.

Inventory:

Hand Weapons
 a - a +1 double sword of holy wrath (weapon)
 b - the +2 long sword of Zomauz {slice, *Rage rElec rN++ Dex+2}
   (Okawaru gifted it to you on level 11 of the Dungeon)

   It inflicts extra damage upon your enemies.
   It affects your dexterity (+2).
   It insulates you from electricity.
   It greatly protects you from negative energy.
   It may make you go berserk in combat.
 F - the +1 battleaxe "Newnud" {flame, +Rage Stlth+}
   (You found it on level 6 of the Dungeon)

   It has been specially enchanted to burn those struck by it, causing extra
   injury to most foes and up to half again as much damage against particularly
   susceptible opponents.
   Big, fiery blades are also staple armaments of hydra-hunters.
   It lets you go berserk.
   It makes you more stealthy.
Missiles
 e - 29 bolts
Armour
 c - a +0 shield (worn)
 o - a scarf of resistance (worn)
 t - a +1 pair of gloves of archery (worn)
 N - a +1 plate armour (worn)
 O - a scarf of cloud immunity
Jewellery
 g - an uncursed amulet of guardian spirit
 m - a ring of flight (right hand)
 q - a ring of protection from cold (left hand)
 D - an amulet of faith (around neck)
 I - an uncursed ring of fire
Scrolls
 h - 4 scrolls of magic mapping
 i - a scroll of summoning {unknown}
 k - 3 scrolls of teleportation
 l - 2 scrolls of identify
 x - 9 scrolls of remove curse
 E - 2 scrolls of fog
 P - a scroll of noise {unknown}
Potions
 d - 2 potions of might
 j - 2 potions of curing
 n - 3 potions of flight
 r - a potion of mutation {unknown}
 s - 2 potions of heal wounds {unknown}
 u - 2 potions of agility {unknown}
 B - a potion of lignification {unknown}
 C - 2 potions of haste
 H - 2 potions of brilliance {unknown}
Comestibles
 f - 18 rations


   Skills:
 + Level 10.5 Fighting
 + Level 14.3 Long Blades
 + Level 0.6 Axes
 + Level 12.2 Armour
 + Level 4.8 Dodging
 + Level 1.0 Stealth
 + Level 11.1 Shields
 + Level 1.0 Invocations
 + Level 0.1 Evocations


You had 11 spell levels left.
You didn't know any spells.
Your spell library was empty.

Dungeon Overview and Level Annotations

Branches:
Dungeon (11/15)            Temple (0/1) D:6            Lair (2/6) D:9
    Orc (0/2) D:9
  Swamp: Lair:2-4    Shoals: Lair:2-4     Snake: Lair:2-4    Spider: Lair:2-4

Altars:
Cheibriados
Dithmenos
Okawaru
Qazlal
Vehumet
Xom
Beogh

Shops:
D:5 [   D:7 =

Annotations:
D:5 2 transporters
Lair:2 Sonja


Innate Abilities, Weirdness & Mutations

You reflexively headbutt those who attack you in melee.
You have a pair of horns on your head.


Message History

You hit Sonja but do no damage. Your headbutt misses Sonja.
You feel sick.
Sonja says, "Someone hired me to kill you, but I'm not supposed to say who."
Sonja unwields a +0 blowgun.
Sonja wields a +0 short sword of distortion.
Its appearance distorts for a moment.
Sonja misses you. You furiously retaliate!
You headbutt Sonja.
You riposte.
You miss Sonja. Your headbutt misses Sonja.
Sonja is lightly wounded.
You block Sonja's attack. x2; The blink frog hits you.
* * * LOW HITPOINT WARNING * * *
The spiny frog stings you but does no damage.
As you read the scroll of teleportation, it crumbles to dust.
You feel strangely unstable.
You feel sick. Sonja completely misses you.
Sonja hits you with a +0 short sword of distortion.
* * * LOW HITPOINT WARNING * * *
Space warps horribly around you!
* * * LOW HITPOINT WARNING * * *
You block Sonja's attack. You block the blink frog's attack.
The spiny frog stings you!
You die...

.## ##....## .#.#.
......# . ..... #....#
.. ..... ##....# ...
....########.....##F...
. #..##P#.P.#..........
. ##.............F§.....
.##........(((.F@F......
......P##.##.#...K......
........#####..P##.#...%
.P.##..### ##### ## #..
..##...#.# . .........##
.†..###...# .÷.#.###..#
.#.####..##


You could see a spiny frog, 3 blink frogs and Sonja.

Vanquished Creatures
  Harold (Lair:2)
  2 hydras (D:11)
  2 two-headed ogres
  2 ugly things (D:11)
  2 manticores
  A centaur zombie (D:11)
  A cyclops (D:11)
  A spiny frog (Lair:1)
  A gargoyle (D:11)
  7 komodo dragons (Lair:1)
  A troll (D:10)
  A merfolk (D:11)
  3 blink frogs (Lair:1)
  A slime creature (D:7)
  4 hippogriffs
  A wyvern (D:11)
  11 yaks
  2 hungry ghosts
  An acid dragon (D:11)
  2 wargs (D:9)
  2 water moccasins
  8 orc warriors
  A porcupine (Lair:1)
  2 black bears (D:9)
  An ice beast (D:7)
  6 ogres
  2 sky beasts
  3 phantoms
  7 centaurs
  2 eyes of draining
  8 bullfrogs
  3 big kobolds
  2 gnoll sergeants (D:8)
  A wyvern skeleton (D:6)
  3 scorpions
  6 killer bees
  9 wights
  4 electric eels
  5 howler monkeys
  5 crimson imps
  A bullfrog zombie (D:5)
  6 orc priests
  8 hounds
  7 jellies
  Jessica (D:2)
  3 bullfrog skeletons
  12 orc wizards
  8 iguanas
  5 worker ants
  A hound skeleton (D:11)
  2 worker ant zombies
  19 gnolls
  13 adders
  4 shadow imps
  13 oozes
  3 adder skeletons
  2 adder zombies
  2 worms
  3 dart slugs
  6 leopard geckos
  36 orcs
  4 ball pythons
  2 giant cockroaches
  8 goblins
  15 hobgoblins
  3 jackals (D:5)
  6 quokkas
  7 bats
  5 frilled lizards
  2 jackal skeletons
  16 kobolds
  A leopard gecko skeleton (D:8)
  2 quokka skeletons (D:5)
  A quokka zombie (D:10)
  4 rats
  A fungus (Lair:1)
  A plant (Lair:1)
360 creatures vanquished.

Vanquished Creatures (others)
  6 fungi (D:7)
6 creatures vanquished.

Grand Total: 366 creatures vanquished

Notes
Turn   | Place    | Note
-------+----------+-------------------------------------------
     0 | D:1      | Peloso the Minotaur Fighter began the quest for the Orb.
     0 | D:1      | Reached XP level 1. HP: 19/19 MP: 0/0
   159 | D:1      | Reached XP level 2. HP: 23/27 MP: 1/1
   424 | D:1      | Reached skill level 3 in Long Blades
   685 | D:2      | Reached XP level 3. HP: 23/33 MP: 2/2
   929 | D:2      | Reached XP level 4. HP: 35/41 MP: 3/3
  1011 | D:2      | Reached skill level 1 in Dodging
  1067 | D:2      | Reached skill level 4 in Long Blades
  1108 | D:2      | Noticed Jessica
  1114 | D:2      | Killed Jessica
  1114 | D:2      | Reached XP level 5. HP: 47/47 MP: 4/4
  1599 | D:3      | Found a stormy altar of Qazlal.
  1664 | D:3      | Reached skill level 5 in Long Blades
  1735 | D:3      | Reached XP level 6. HP: 52/53 MP: 5/5
  2302 | D:4      | Found an iron altar of Okawaru.
  2309 | D:4      | Found a snail-covered altar of Cheibriados.
  2311 | D:4      | Became a worshipper of Warmaster Okawaru
  2425 | D:4      | Reached skill level 5 in Shields
  2618 | D:5      | Entered Level 5 of the Dungeon
  2732 | D:5      | Reached skill level 5 in Armour
  2785 | D:5      | Reached XP level 7. HP: 42/60 MP: 6/6
  2825 | D:5      | Found a transporter.
  2839 | D:5      | Found a transporter.
  2855 | D:5      | Found Gukkef's Armour Shoppe.
  2894 | D:5      | Reached skill level 6 in Long Blades
  2905 | D:4      | Reached skill level 5 in Fighting
  3156 | D:5      | Reached * piety under Okawaru
  3197 | D:5      | Found a shimmering altar of Xom.
  3355 | D:6      | Reached skill level 7 in Long Blades
  3355 | D:6      | Reached XP level 8. HP: 25/68 MP: 7/7
  3885 | D:6      | Found a staircase to the Ecumenical Temple.
  3986 | D:6      | Found a shadowy altar of Dithmenos.
  4009 | D:6      | Reached ** piety under Okawaru
  4056 | D:6      | Reached skill level 8 in Long Blades
  4114 | D:6      | Got a polished battleaxe
  4464 | D:7      | Identified the +1 battleaxe "Newnud" {flame, +Rage Stlth+}
                  | (You found it on level 6 of the Dungeon)
  4604 | D:7      | Found a radiant altar of Vehumet.
  4726 | D:7      | Noticed a slime creature
  4737 | D:7      | Killed a slime creature
  4737 | D:7      | Reached *** piety under Okawaru
  4737 | D:7      | Reached skill level 9 in Long Blades
  4737 | D:7      | Reached XP level 9. HP: 54/78 MP: 8/8
  5197 | D:7      | Found Mievyink's Jewellery Shop.
  5687 | D:8      | Reached **** piety under Okawaru
  5893 | D:8      | Reached skill level 10 in Long Blades
  6007 | D:8      | Reached ***** piety under Okawaru
  6104 | D:8      | Noticed a two-headed ogre
  6121 | D:8      | Killed a two-headed ogre
  6121 | D:8      | Received a gift from Okawaru
  6121 | D:8      | Reached skill level 11 in Long Blades
  6121 | D:8      | Reached skill level 1 in Invocations
  6121 | D:8      | Reached XP level 10. HP: 38/88 MP: 6/9
  6493 | D:9      | Found a staircase to the Lair.
  7036 | D:9      | Reached skill level 1 in Stealth
  7237 | D:9      | Found a staircase to the Orcish Mines.
  7289 | D:9      | Found a roughly hewn altar of Beogh.
  8344 | D:10     | Entered Level 10 of the Dungeon
  8367 | D:10     | Reached skill level 12 in Long Blades
  8435 | D:10     | Received a gift from Okawaru
  8469 | D:10     | Noticed a two-headed ogre
  8481 | D:10     | Killed a two-headed ogre
  8482 | D:10     | Reached XP level 11. HP: 52/95 MP: 10/10
  8484 | D:10     | Reached skill level 10 in Armour
 10421 | D:11     | Reached skill level 10 in Shields
 10450 | D:11     | Reached skill level 13 in Long Blades
 10851 | D:11     | Noticed a cyan ugly thing
 10863 | D:11     | Killed a cyan ugly thing
 10879 | D:11     | Noticed a six-headed hydra
 11006 | D:11     | Noticed an eight-headed hydra
 11260 | D:11     | Killed a six-headed hydra
 11377 | D:11     | Reached ****** piety under Okawaru
 11480 | D:11     | Received a gift from Okawaru
 11485 | D:11     | Got a crude long sword {god gift}
 11486 | D:11     | Identified the +2 long sword of Zomauz {slice, *Rage rElec
                  | rN++ Dex+2} (Okawaru gifted it to you on level 11 of the
                  | Dungeon)
 11677 | D:11     | Noticed a green ugly thing
 11695 | D:11     | Killed a green ugly thing
 12134 | D:11     | HP: 4/99 [13-headed hydra (5)]
 12135 | D:11     | Killed a 13-headed hydra
 12606 | Lair:1   | Entered Level 1 of the Lair of Beasts
 12690 | Lair:1   | Received a gift from Okawaru
 12690 | Lair:1   | Reached XP level 12. HP: 67/106 MP: 11/11
 12718 | Lair:1   | Reached skill level 10 in Fighting
 12983 | Lair:1   | Reached skill level 14 in Long Blades
 13959 | Lair:2   | Noticed Harold
 13972 | Lair:2   | Killed Harold
 14306 | Lair:2   | Noticed Sonja
 14313 | Lair:2   | HP: 4/107 [Sonja/+0 short sword of distortion (12)]
 14313 | Lair:2   | Mangled by a spiny frog

Skill      XL: |  1  2  3  4  5  6  7  8  9 10 11 12 |
---------------+-------------------------------------+-----
Fighting       | 4 5 6 7 8 9 10 | 10.5
Long Blades    | 3 4 5 7 9 11 12 13 14 | 14.3
Armour         | 4 5 6 7 8 9 11 12 | 12.2
Shields        | 4 5 6 8 9 10 11 | 11.1
Dodging        | 1 2 3 4 |  4.8
Invocations    | 1 |  1.0
Stealth        | 1 |  1.0
Axes           | |  0.6
Evocations     | |  0.1

Action                   |  1- 3 |  4- 6 |  7- 9 | 10-12 || total
-------------------------+-------+-------+-------+-------++-------
Melee: Long sword        |    80 |   178 |   392 |     1 ||   651
       Headbutt          |    13 |    26 |    94 |   118 ||   251
       Double sword      |       |       |       |   581 ||   581
       Battleaxe         |       |       |       |     3 ||     3
Invok: Heroism           |       |       |     3 |     1 ||     4
Evoke: Wand              |       |       |       |     3 ||     3
  Use: Scroll            |       |     3 |     5 |    12 ||    20
       Potion            |       |       |     1 |     1 ||     2
  Eat: Chunk             |       |     5 |     9 |    16 ||    30
       Ration            |       |       |     1 |     4 ||     5
Armor: Scale mail        |     4 |    36 |   139 |    10 ||   189
       Chain mail        |    44 |    22 |       |       ||    66
       Plate armour      |       |       |       |   250 ||   250
Dodge: Dodged            |    13 |    40 |   128 |   185 ||   366
Block: Shield            |    51 |    81 |   174 |   298 ||   604
       Rpst.: Long sword |       |    10 |    24 |       ||    34
       Double sword      |       |       |       |    33 ||    33
